 Dungeon Crawl Stone Soup version 0.27.0-1-g7a089689b8 (webtiles) character file.

Game seed: 17180043481736478674

20 Rumblestruts the Chopper (level 2, -1/27 HPs)
             Began as a Minotaur Berserker on Aug 14, 2021.
             Was a Follower of Trog.
             Slain by a water moccasin (4 damage)
             ... on level 2 of the Dungeon.
             The game lasted 00:12:52 (902 turns).

Rumblestruts the Chopper (Minotaur Berserker)        Turns: 902, Time: 00:12:53

Health: -1/27      AC:  7    Str: 21    XL:     2   Next: 58%
Magic:  1/1        EV: 11    Int:  4    God:    Trog [*.....]
Gold:   15         SH:  0    Dex:  9    Spells: 1/1 levels left

rFire    . . .     SeeInvis .   a - +1 hand axe
rCold    . . .     Faith    .   (no shield)
rNeg     . . .     Spirit   .   d - +0 leather armour
rPois    .         Reflect  .   (helmet restricted)
rElec    .         Harm     .   (no cloak)
rCorr    .         Rampage  .   (no gloves)
Will     .....                  (no boots)
Stlth    +.........             (no amulet)
HPRegen  0.09/turn              f - +4 ring of protection
MPRegen  0.07/turn              (no ring)

@: lethally poisoned (-1 -> -18)
A: horns 2, retaliatory headbutt
a: Renounce Religion, Berserk


You were on level 2 of the Dungeon.
You worshipped Trog.
Trog was aware of your devotion.
You visited 1 branch of the dungeon, and saw 3 of its levels.

You collected 15 gold pieces.

Inventory:

Hand Weapons
 a - a +1 hand axe (weapon)
Armour
 b - a +0 animal skin
 d - a +0 leather armour (worn)
Jewellery
 f - a +4 ring of protection (left hand)
Wands
 i - a wand of iceblast (8)
Potions
 c - 2 potions of heal wounds {unknown}


   Skills:
 + Level 4.1 Fighting
 + Level 4.1 Axes
 + Level 2.5 Armour
 + Level 2.4 Dodging


You had one spell level left.
You didn't know any spells.
Your spell library was empty.

Dungeon Overview and Level Annotations

Branches:
Dungeon (3/15)

Altars:


Innate Abilities, Weirdness & Mutations

You have a pair of horns on your head.
You reflexively headbutt those who attack you in melee.


Message History

You are too injured to fight recklessly!
You feel sick.
You are too injured to fight recklessly!
You feel sick.
You hit the water moccasin but do no damage.
Your headbutt misses the water moccasin.
The water moccasin is moderately wounded.
You feel sick. The water moccasin bites you.
* * * LOW HITPOINT WARNING * * *
The water moccasin bites you but does no damage.
Aiming: Iceblast
Press: ? - help, Shift-Dir - straight line, f - water moccasin
Aim: a water moccasin (moderately wounded) That beam is likely to hit you.
Continue anyway?
Okay, then.
Blink to where?
Press: ? - help, Dir - move target, p - water moccasin
As you read the scroll labelled JUSAJU WEZEHUNN, it crumbles to dust.
It was a scroll of blinking.
You feel sick.
You are no longer poisoned.
The water moccasin bites you.
* * * LOW HITPOINT WARNING * * *
The water moccasin bites you but does no damage.
You climb upwards.
There is a stone staircase leading down here.
As you read the scroll labelled ADU SAAHAE, it crumbles to dust.
It is a scroll of enchant weapon.
Your +0 hand axe glows red for a moment.
The water moccasin bites you but does no damage.
There are no items here.
As you read the scroll labelled BOATHYM PAPPOU, it crumbles to dust.
You hear a loud clanging noise!
It was a scroll of noise.
You hear an angry hiss.
You hear a shout!
You hear an angry hiss.
You hear a shout!
You hear an angry hiss. x2
The water moccasin bites you.
* * * LOW HITPOINT WARNING * * *
You are lethally poisoned!
The water moccasin poisons you! The water moccasin bites you.
You die...

#. ##..# ...# #
#.#######
#.##.......#########
.........#.#.. ...#
#.....<.#.#####.##
#S....#.#.##......
#@.....†.....##.#.
#.........#†#.#####†#.
#.#.........#.....†>#.
###..#.##.#########.
#.......# #. ...#.####
## ....#.# .....#.#


You could see a water moccasin.

Vanquished Creatures
  2 endoplasms (D:1)
  A goblin (D:1)
  2 hobgoblins (D:1)
  4 jackals (D:2)
  2 ball pythons
  2 bats
  2 frilled lizards (D:1)
  3 kobolds (D:1)
  A rat (D:2)
19 creatures vanquished.

Notes
Turn   | Place    | Note
-------+----------+-------------------------------------------
     0 | D:1      | Rumblestruts the Minotaur Berserker began the quest for the
                  | Orb.
     0 | D:1      | Reached XP level 1. HP: 19/19 MP: 0/0
   275 | D:1      | Found a faded altar of an unknown god.
   325 | D:1      | Reached XP level 2. HP: 27/27 MP: 1/1
   889 | D:3      | Noticed a water moccasin
   902 | D:2      | Slain by a water moccasin

Illustrated notes

Levels and vault maps discovered:
D:1:      dpeg_arrival_arbitrary_c, layout_basic,
          shapermc_ecumenical_altar_notcrosses
D:2:      cheibrodos_helix_gallery, layout_loops_cross, uniq_sigmund
D:3:      layout_rooms, bloody_makhleb, grunt_dithmenos_smoke,
          nicolae_yredelemnul_corpse_copse

Skill      XL: |  1  2 |
---------------+-------+-----
Fighting       | 4 |  4.1
Axes           | 4 |  4.1
Armour         | |  2.5
Dodging        | |  2.4

Action                   || total
-------------------------++-------
Melee: Hand axe          ||    49
       Headbutt          ||     5
  Use: Scroll            ||     3
Armor: Leather armour    ||    21
       Animal skin       ||     1
Dodge: Dodged            ||    39
